 Dungeon Crawl Stone Soup version 0.22.1 (webtiles) character file.

237 Pieper the Shield-Bearer (level 6, -1/38 HPs)
             Began as a Gargoyle Fighter on Sept 4, 2018.
             Slain by an ogre
             ... wielding a +0 giant club
              (11 damage)
             ... on level 4 of the Dungeon on Sept 18, 2018.
             The game lasted 00:12:14 (2403 turns).

Pieper the Shield-Bearer (Gargoyle Fighter)         Turns: 2403, Time: 00:12:15

Health: -1/38      AC: 12    Str: 21    XL:     6   Next: 6%
Magic:  6/6        EV:  8    Int:  8    God:
Gold:   194        SH:  9    Dex: 10    Spells: 5/5 levels left

rFire    . . .     SeeInvis .   a - +0 rapier
rCold    . . .     Gourm    .   c - +0 shield
rNeg     + + .     Faith    .   b - +0 scale mail
rPois    ∞         Spirit   .   h - +0 helmet
rElec    +         Reflect  .   (no cloak)
rCorr    .         Harm     .   (no gloves)
MR       .....                  (no boots)
Stlth    ..........             (no amulet)
HPRegen  0.12/turn              g - ring of positive energy
MPRegen  0.10/turn              (no ring)

@: no status effects
A: negative energy resistance 1, electricity resistance, unbreathing,
petrification resistance, rot immunity, AC +4
a: no special abilities


You were on level 4 of the Dungeon.
You were not hungry.

You visited 1 branch of the dungeon, and saw 4 of its levels.

You collected 194 gold pieces.

Inventory:

Hand Weapons
 a - a +0 rapier (weapon)
 q - a +0 hunting sling
Missiles
 e - 103 stones (quivered)
 u - 20 sling bullets
Armour
 b - a +0 scale mail (worn)
 c - a +0 shield (worn)
 h - a +0 helmet (worn)
Jewellery
 g - a ring of positive energy (left hand)
Wands
 r - a wand of random effects (57)
Scrolls
 n - 3 scrolls of teleportation
Potions
 d - a potion of might
 j - 3 potions of heal wounds
 k - a potion of cancellation
 l - 2 potions of curing
 m - 2 potions of brilliance
 o - 2 potions of lignification
 p - a potion of berserk rage {unknown}
 s - 2 potions of agility
 t - 2 potions of mutation {unknown}
Comestibles
 f - 3 rations


   Skills:
 + Level 3.9 Fighting
 + Level 3.7 Short Blades
 + Level 4.2 Armour
 + Level 1.1 Dodging
 + Level 4.4 Shields


You had 5 spell levels left.
You didn't know any spells.
Your spell library was empty.

Dungeon Overview and Level Annotations

Branches:
Dungeon (4/15)
 Temple: D:4-7

Altars:

Annotations:
D:3 3 runed doors, Buffaloe's ghost, amateur TrHu


Innate Abilities, Weirdness & Mutations

You are resistant to torment.
Your stone body is resilient. (AC +4)
You are immune to poison.
You resist negative energy. (rN+)
You are resistant to electric shocks. (rElec)
You can survive without breathing.
You are immune to petrification.
You are immune to rotting.


Message History

Ouch! That really hurt!
You are too injured to fight recklessly!
You are too injured to fight recklessly!
You are too injured to fight recklessly!
You hit the ogre.
The ogre is lightly wounded.
You block the ogre's attack.
You hit the ogre.
The ogre is moderately wounded.
You puncture the ogre!
The ogre is heavily wounded.
The ogre hits you with a giant club.
* * * LOW HITPOINT WARNING * * *
You hit the ogre.
The ogre is severely wounded.
The ogre closely misses you.
You barely miss the ogre.
The ogre is severely wounded.
The ogre hits you with a giant club!
You die...

#.# #.# ##.## #
##.).#######.#
#.....#...... .
#........#
....#####.#.....#
......O@$.....<.#
....#####.#.....#
. #.#.....#
#.####### #.# #.#
#.# #.#


You could see an ogre.

Vanquished Creatures
  A bullfrog zombie (D:2)
  Ijyb (D:3)
  8 adders
  7 worms
  A leopard gecko (D:2)
  3 orcs (D:3)
  8 bats
  7 giant cockroaches
  4 goblins
  9 hobgoblins
  5 jackals
  10 kobolds
  4 quokkas
  5 frilled lizards
  10 rats
83 creatures vanquished.

Notes
Turn   | Place    | Note
-------+----------+-------------------------------------------
     0 | D:1      | Pieper the Gargoyle Fighter began the quest for the Orb.
     0 | D:1      | Reached XP level 1. HP: 14/14 MP: 1/1
   113 | D:1      | Reached XP level 2. HP: 17/19 MP: 2/2
   447 | D:1      | Reached XP level 3. HP: 23/23 MP: 3/3
   780 | D:2      | Reached XP level 4. HP: 23/29 MP: 4/4
  1335 | D:2      | Reached XP level 5. HP: 32/33 MP: 5/5
  1409 | D:2      | Reached skill level 1 in Dodging
  1618 | D:3      | Upgraded the game from 0.22.0-49-gab54619674 to
                  | 0.22.0-60-ga52c2fcf6e
  1618 | D:3      | Upgraded the game from 0.22.0-60-ga52c2fcf6e to
                  | 0.22.0-75-g3901e7991e
  1618 | D:3      | Upgraded the game from 0.22.0-75-g3901e7991e to 0.22.1
  1828 | D:3      | Noticed Ijyb
  1845 | D:3      | Killed Ijyb
  1887 | D:3      | Reached XP level 6. HP: 36/38 MP: 6/6
  2053 | D:3      | Found a runed gate.
  2053 | D:3      | Found a runed gate.
  2053 | D:3      | Found a runed gate.
  2059 | D:3      | Noticed Buffaloe's ghost (amateur TrHu)
  2403 | D:4      | Slain by an ogre

Skill      XL: |  1  2  3  4  5 |
---------------+----------------+-----
Short Blades   | 2 3 |  3.7
Armour         | 4 |  4.2
Shields        | 4 |  4.4
Dodging        | 1 |  1.1
Fighting       | |  3.9

Action                   |  1- 3 |  4- 6 || total
-------------------------+-------+-------++-------
Melee: Rapier            |    94 |   206 ||   300
  Use: Scroll            |     1 |    10 ||    11
  Eat: Ration            |       |     2 ||     2
Armor: Scale mail        |    37 |    90 ||   127
Dodge: Dodged            |    26 |    58 ||    84
Block: Shield            |    38 |    95 ||   133
